 Dungeon Crawl Stone Soup version 0.26-a0-259-g1effd001a9 (webtiles) character file.

Game seed: 9544976456721513769

34 funkygono the Shield-Bearer (level 3, 0/33 HPs)
             Began as a Minotaur Fighter on July 18, 2020.
             Slain by Sigmund
             ... wielding a +5 vorpal scythe
              (10 damage)
             ... on level 2 of the Dungeon.
             The game lasted 00:02:37 (999 turns).

funkygono the Shield-Bearer (Minotaur Fighter)       Turns: 999, Time: 00:02:37

Health: 0/33       AC:  9    Str: 21    XL:     3   Next: 14%
Magic:  2/2        EV:  7    Int:  5    God:
Gold:   32         SH: 10    Dex:  9    Spells: 2/2 levels left

rFire    + + .     SeeInvis .   a - +1 flail
rCold    x . .     Faith    .   c - +1 kite shield
rNeg     . . .     Spirit   .   b - +0 scale mail
rPois    .         Reflect  .   (helmet restricted)
rElec    .         Harm     .   (no cloak)
rCorr    .                      (no gloves)
MR       .....                  h - +1 pair of boots
Stlth    ..........             (no amulet)
HPRegen  0.11/turn              j - ring of protection from fire
MPRegen  0.08/turn              i - ring of fire

@: mighty
A: retaliatory headbutt, horns 2
a: no special abilities


You were on level 2 of the Dungeon.
You were not hungry.

You visited 1 branch of the dungeon, and saw 2 of its levels.

You collected 32 gold pieces.

Inventory:

Hand Weapons
 a - a +1 flail (weapon)
Missiles
 n - 10 sling bullets
Armour
 b - a +0 scale mail (worn)
 c - a +1 kite shield (worn)
 h - a +1 pair of boots (worn)
Jewellery
 i - a ring of fire (right hand)
 j - a ring of protection from fire (left hand)
Wands
 l - a wand of polymorph (11)
Scrolls
 g - 2 scrolls of identify
 k - a scroll of remove curse
Potions
 e - 2 potions of lignification
 m - a potion of stabbing
Comestibles
 f - 12 rations


   Skills:
 + Level 3.9 Fighting
 + Level 3.3 Maces & Flails
 + Level 3.9 Armour
 + Level 4.1 Shields


You had 2 spell levels left.
You didn't know any spells.
Your spell library was empty.

Dungeon Overview and Level Annotations

Branches:
Dungeon (2/15)

Altars:

Annotations:
D:2 Sigmund


Innate Abilities, Weirdness & Mutations

You reflexively headbutt those who attack you in melee.
You have a pair of horns on your head.


Message History

You sock the jackal!
You kill the jackal!
Sigmund the Dreaded comes into view.
He is wielding a +5 vorpal scythe.
You see here a scroll of identify.
Sigmund says, "Don't worry, I'll kill you fast."
Sigmund drinks a potion.
Sigmund flickers and vanishes!
Deactivating autopickup; reactivate with Ctrl-A.
Something hits you. Something hits you!
You miss something. Your headbutt misses something. You hit something.
You hear some strange, mumbled words.
A magic dart appears from out of thin air!
The magic dart hits you!
You hear some strange, mumbled words.
A puff of flame appears from out of thin air!
You block the puff of flame.
You feel very mighty all of a sudden. Something hits you!
You die...

...........#..............###.#
...........#..........##.# #.# #
..........##...$......##. #.#.#
.........###.......(..###.###.#.#
####.##### #..........# #...^....
#. #..........#######...# ##
###.....................
#......{..?...#####..#..
#....<.@.....#####.....#
...#####.....#.....#.###
#...........###.# #>..#####..##
#.# #...## #.## #.# #.#.# ##.# .#
#.#.# ##.<# .# #...####†.##
...###...#######.##


There were no monsters in sight!

Vanquished Creatures
  An adder (D:2)
  A worm (D:2)
  A leopard gecko (D:2)
  A goblin (D:1)
  2 hobgoblins (D:2)
  7 jackals
  2 frilled lizards
  3 kobolds
  2 rats
20 creatures vanquished.

Notes
Turn   | Place    | Note
-------+----------+-------------------------------------------
     0 | D:1      | funkygono the Minotaur Fighter began the quest for the Orb.
     0 | D:1      | Reached XP level 1. HP: 19/19 MP: 0/0
   264 | D:1      | Reached XP level 2. HP: 27/27 MP: 1/1
   506 | D:1      | Reached skill level 4 in Shields
   891 | D:2      | Reached XP level 3. HP: 33/33 MP: 2/2
   989 | D:2      | Noticed Sigmund
   999 | D:2      | Slain by Sigmund

Illustrated notes

Levels and vault maps discovered:
D:1:      ebering_trefoil_3fold, layout_loops_corners, minmay_crystal_room
D:2:      layout_rooms, first_ration, uniq_sigmund

Skill      XL: |  1  2 |
---------------+-------+-----
Shields        | 4 |  4.1
Maces & Flails | 3 |  3.3
Fighting       | |  3.9
Armour         | |  3.9

Action                   || total
-------------------------++-------
Melee: Flail             ||    58
       Headbutt          ||     6
  Use: Scroll            ||     6
       Potion            ||     1
Armor: Scale mail        ||    26
Dodge: Dodged            ||    21
Block: Kite shield       ||    28

Table legend:
 A = Non-vault XP
 B = Vault XP
 C = Vault XP percentage of total XP
 D = Non-vault monster count
 E = Vault monster count
 F = Vault count percentage of total count
                 A         B        C        D         E       F
            +---------+---------+-------+---------+---------+-------
      Total |      49 |       0 |   0.0 |      20 |       0 |   0.0
            +---------+---------+-------+---------+---------+-------
        D:1 |      17 |       0 |   0.0 |      10 |       0 |   0.0
        D:2 |      32 |       0 |   0.0 |      10 |       0 |   0.0
            +---------+---------+-------+---------+---------+-------
